 Dungeon Crawl Stone Soup version 0.26.1-11-gd32895ea62 (webtiles) character file.

Game seed: 5347290839288513300

343 nothank2 the Caller (level 6, -3/32 HPs)
             Began as a Deep Elf Summoner on June 14, 2021.
             Was an Initiate of Vehumet.
             Slain by a bullfrog (7 damage)
             ... on level 6 of the Dungeon.
             The game lasted 00:22:43 (6094 turns).

nothank2 the Caller (Deep Elf Summoner)             Turns: 6094, Time: 00:22:43

Health: -3/32      AC:  3    Str:  5    XL:     6   Next: 31%
Magic:  12/15      EV: 12    Int: 22    God:    Vehumet [......]
Gold:   243        SH:  4    Dex: 15    Spells: 8/15 levels left

rFire    . . .     SeeInvis .   k - +4 long sword
rCold    . . .     Faith    +   c - +0 buckler
rNeg     + . .     Spirit   .   a - +0 robe
rPois    .         Reflect  .   (no helmet)
rElec    .         Harm     .   (no cloak)
rCorr    .         Rampage  .   e - +0 pair of gloves
Will     .....                  (no boots)
Stlth    ++........             b - amulet of faith
HPRegen  0.10/turn              u - ring of positive energy
MPRegen  0.14/turn              (no ring)

@: no status effects
A: no striking features
a: Renounce Religion


You were on level 6 of the Dungeon.
You worshipped Vehumet.
Vehumet was noncommittal.
You visited 2 branches of the dungeon, and saw 7 of its levels.

You collected 243 gold pieces.

Inventory:

Hand Weapons
 k - a +4 long sword (weapon)
 q - a +1 whip of draining
Missiles
 j - 69 sling bullets
Armour
 a - a +0 robe (worn)
 c - a +0 buckler (worn)
 e - a +0 pair of gloves (worn)
Jewellery
 b - an amulet of faith (around neck)
 u - a ring of positive energy (left hand)
Scrolls
 i - 4 scrolls of teleportation
 l - 4 scrolls of remove curse
 m - 6 scrolls of identify
 r - a scroll of fog {unknown}
 s - 3 scrolls of amnesia {unknown}
Potions
 d - 2 potions of ambrosia {unknown}
 f - 3 potions of magic
 g - 3 potions of lignification {unknown}
 h - a potion of resistance {unknown}
 n - a potion of brilliance {unknown}
 o - a potion of curing {unknown}
 p - 3 potions of degeneration {unknown}
 t - 2 potions of might {unknown}
 v - 2 potions of mutation {unknown}


   Skills:
 + Level 0.1 Long Blades
 - Level 0.4 Maces & Flails
 - Level 2.5 Dodging
 - Level 2.4 Stealth
 * Level 1.7 Shields
 - Level 5.2 Spellcasting
 + Level 0.2 Hexes
 + Level 6.8 Summonings


You had 8 spell levels left.
You knew the following spells:

 Your Spells              Type           Power        Failure   Level
a - Summon Small Mammal   Summ           100%         1%          1
b - Call Canine Familiar  Summ           36%          2%          3
c - Summon Guardian Gole  Hex/Summ       21%          9%          3

Your spell library contained the following spells:

 Spells                   Type           Power        Failure   Level
 Call Imp                 Summ           36%          1%          2
 Summon Ice Beast         Ice/Summ       20%          32%         4
 Summon Lightning Spire   Summ/Air       20%          32%         4
 Confusing Touch          Hex            6%           34%         3
 Gell's Gravitas          Tloc           2%           36%         3
 Petrify                  Tmut/Erth      5%           78%         4
 Metabolic Englaciation   Hex/Ice        3%           98%         5
 Yara's Violent Unravell  Hex/Tmut       3%           98%         5


Dungeon Overview and Level Annotations

Branches:
Dungeon (5/15)             Temple (1/1) D:4

Altars:
Cheibriados
Dithmenos
Elyvilon
Fedhas
Gozag
Hepliaklqana
Kikubaaqudgha
Makhleb
Nemelex Xobeh
Qazlal
Ru
Trog
Uskayaw
Vehumet
Wu Jian
Xom
Yredelemnul
Zin
The Shining One

Annotations:
D:4 exclusion: oklob plant


Message History

The bullfrog is lightly wounded.
The bullfrog hits you.
You barely miss the bullfrog.
The bullfrog is lightly wounded.
The bullfrog misses you. The bullfrog hits you!
You hit the bullfrog but do no damage.
The bullfrog is lightly wounded.
The bullfrog closely misses you.
You riposte.
You barely miss the bullfrog.
The bullfrog is lightly wounded.
You block the bullfrog's attack.
You slash the bullfrog!
The bullfrog is heavily wounded.
The bullfrog hits you! The bullfrog hits you.
* * * LOW HITPOINT WARNING * * *
Casting: Summon Guardian Golem (quite dangerous; 9% risk of failure)
Confirm with . or Enter, or press ? or * to list all spells.
The bullfrog hits you.
* * * LOW HITPOINT WARNING * * *
The bullfrog hits you!
You die...

# #<# # #.########### #≈
#### ####...........##≈≈
...####.≈...≈≈≈..≈$.$#≈≈≈
###..#..≈≈≈≈..≈≈≈.≈≈≈≈≈≈≈
# ##.#.≈.≈≈≈≈≈≈≈.≈.≈≈≈≈≈≈
#..≈≈≈≈≈≈≈≈≈≈≈≈h≈≈≈≈≈≈ #
##.#≈.≈≈≈≈≈≈≈≈≈≈≈≈≈≈≈≈≈
###..#≈≈≈≈#(...≈@F.......
...#.#≈≈≈≈#.####.####..##
..##.#≈≈≈≈#.# #.# .#
####.##≈≈≈#.# ..#
#.###≈##.# #.## #.#
#≈##.. .. #.######.####
#..## .## #...# .


You could see a bullfrog and a friendly wolf (summoned).

Vanquished Creatures
  A wight (D:6)
  A quasit (D:6)
  An orc priest (D:4)
  2 adders
  A dart slug (D:4)
  A leopard gecko (D:4)
  2 orcs (D:6)
  3 bats
  12 giant cockroaches
  2 goblins (D:3)
  3 hobgoblins (D:3)
  4 jackals
  2 kobolds
  A ball python (D:3)
  A frilled lizard (D:3)
37 creatures vanquished.

Vanquished Creatures (collateral kills)
  3 wights (D:6)
  A hound (D:4)
  An orc wizard (D:4)
  Jessica (D:2)
  6 adders
  3 dart slugs
  6 orcs
  4 giant cockroaches
  3 hobgoblins
  2 jackals (D:1)
  5 kobolds
  2 ball pythons (D:2)
  6 bats
  2 frilled lizards (D:2)
  8 goblins
  7 rats
60 creatures vanquished.

Grand Total: 97 creatures vanquished

Notes
Turn   | Place    | Note
-------+----------+-------------------------------------------
     0 | D:1      | nothank2 the Deep Elf Summoner began the quest for the Orb.
     0 | D:1      | Reached XP level 1. HP: 10/10 MP: 6/6
   305 | D:1      | Reached XP level 2. HP: 15/15 MP: 5/8
  1174 | D:2      | Reached skill level 5 in Summonings
  1566 | D:2      | Noticed Jessica
  1589 | D:2      | Killed Jessica
  1590 | D:2      | Reached XP level 3. HP: 11/19 MP: 1/10
  1594 | D:2      | Learned a level 3 spell: Call Canine Familiar
  2663 | D:3      | Reached XP level 4. HP: 23/24 MP: 10/12
  4043 | D:4      | Reached skill level 5 in Spellcasting
  4043 | D:4      | Reached skill level 6 in Summonings
  4043 | D:4      | Reached XP level 5. HP: 14/28 MP: 8/14
  4387 | D:3      | Learned a level 3 spell: Summon Guardian Golem
  4426 | D:4      | Found a blossoming altar of Fedhas.
  4448 | D:4      | Noticed an oklob plant
  4520 | D:4      | Found a staircase to the Ecumenical Temple.
  4540 | Temple   | Entered the Ecumenical Temple
  4547 | Temple   | Became a worshipper of Vehumet
  4770 | D:4      | Found a basalt altar of Yredelemnul.
  4771 | D:4      | Found a white marble altar of Elyvilon.
  4772 | D:4      | Found a hide-covered altar of Uskayaw.
  5019 | D:5      | Entered Level 5 of the Dungeon
  5020 | D:5      | You fall into a shaft and drop 1 floor!
  5020 | D:6      | Found a bloodstained altar of Trog.
  5285 | D:6      | Reached skill level 1 in Shields
  5362 | D:6      | Reached XP level 6. HP: 5/32 MP: 12/15
  6094 | D:6      | Slain by a bullfrog

Illustrated notes

Levels and vault maps discovered:
D:1:      erik_arrival_orb_chamber, layout_rooms
D:2:      layout_loops_corners, uniq_jessica
D:3:      minmay_roachtagon, layout_rooms
D:4:      layout_cave_pools, chequers_temple_overflow_statue_of_worship,
          tgw_fedhas, minmay_temple_entry_tees, dk_vineyard_2, chequers_garden
D:5:      kennysheep_windowed_halls, layout_basic, enter_ossuary_5,
          minmay_manual_moon, uniq_blork_the_orc
D:6:      layout_loops_ring, lemuel_round_altar, serial_rivers,
          chequers_serial_rivers_small_3, chequers_serial_rivers_large_a,
          chequers_serial_rivers_micro_a, chequers_serial_rivers_marsh,
          basic_altar, fountainhead
Temple:   nicolae_temple_no_exploring_needed

Skill      XL: |  1  2  3  4  5 |
---------------+----------------+-----
Summonings     | 5 6 |  6.8
Spellcasting   | 4 5 |  5.2
Shields        | 1 |  1.7
Long Blades    | |  0.1
Maces & Flails | |  0.4
Dodging        | |  2.5
Stealth        | |  2.4
Hexes          | |  0.2

Action                   |  1- 3 |  4- 6 || total
-------------------------+-------+-------++-------
Melee: Club              |     5 |       ||     5
       Unarmed           |     4 |       ||     4
       Dagger            |    14 |       ||    14
       Spear             |     9 |       ||     9
       Whip              |     7 |   118 ||   125
       Long sword        |       |    11 ||    11
 Cast: Summon Small Mamm |    92 |    10 ||   102
       Call Canine Famil |     3 |    13 ||    16
       Summon Guardian G |       |     2 ||     2
  Use: Scroll            |     5 |     1 ||     6
 Stab: Sleeping          |       |     6 ||     6
Armor: Robe              |    20 |    18 ||    38
Dodge: Dodged            |    59 |   105 ||   164
Block: Buckler           |       |    11 ||    11
       Rpst.: Long sword |       |     4 ||     4
